 Dungeon Crawl Stone Soup version 0.28-a0-1347-g113dc556a4 (webtiles) character file.

Game seed: 17649667366255320212

91 browni3141 the Sneak (level 4, -1/36 HPs)
             Began as a Ghoul Gladiator on Dec 29, 2021.
             Slain by an orc (5 damage)
             ... on level 4 of the Dungeon.
             The game lasted 00:04:35 (2057 turns).

browni3141 the Sneak (Ghoul Gladiator)              Turns: 2057, Time: 00:04:37

Health: -1/36      AC:  7    Str: 19    XL:     4   Next: 59%
Magic:  3/3        EV: 10    Int:  9    God:
Gold:   77         SH:  0    Dex: 10    Spells: 3/3 levels left

rFire   . . .      SeeInvis .   n - +1 falchion (flame)
rCold   + . .      Faith    .   (no shield)
rNeg    + + +      Spirit   .   k - +0 scale mail
rPois   ∞          Reflect  .   i - +0 helmet
rElec   .          Harm     .   (no cloak)
rCorr   .          Rampage  .   (no gloves)
Will    .....                   (no boots)
Stlth   +.........              (no amulet)
HPRegen 0.00/turn               e - +6 ring of intelligence
MPRegen 0.08/turn               m - ring of wizardry

@: mighty, inhibited regen
A: claws 1, cold resistance 1, negative energy resistance 3, inhibited
regeneration, torment resistance 2
a: no special abilities


You were on level 4 of the Dungeon.
You visited 1 branch of the dungeon, and saw 4 of its levels.

You collected 77 gold pieces.

Inventory:

Hand Weapons
 a - a +0 war axe
 j - a +0 hunting sling
 n - a +1 falchion of flaming (weapon)
Missiles
 d - 5 throwing nets
 o - 19 poisoned darts (quivered)
Armour
 b - a +0 leather armour
 c - a +0 helmet
 h - a +0 ring mail
 i - a +0 helmet (worn)
 k - a +0 scale mail (worn)
Jewellery
 e - a +6 ring of intelligence (left claw)
 m - a ring of wizardry (right claw)
 s - a ring of ice
Scrolls
 f - a scroll of holy word {unknown}
 l - a scroll of teleportation {unknown}
 p - a scroll of acquirement {unknown}
 r - a scroll of identify {unknown}
 t - a scroll of fear {unknown}
Potions
 q - a potion of invisibility {unknown}


   Skills:
 - Level 2.1 Fighting
 * Level 3.1 Axes
 - Level 1.7 Throwing
 - Level 2.6 Dodging
 * Level 4.4 Stealth


You had 3 spell levels left.
You didn't know any spells.
Your spell library was empty.

Dungeon Overview and Level Annotations

Branches:
Dungeon (4/15)
 Temple: D:4-7

Altars:
Dithmenos

Annotations:
D:4 Blork the orc


Innate Abilities, Weirdness & Mutations

You thrive by killing the living.
You are immune to poison.
You have sharp fingernails.
Your flesh is cold resistant. (rC+)
You are immune to negative energy. (rN+++)
You do not regenerate when monsters are visible.
You are immune to unholy pain and torment.


Message History

The orc barely misses you. The scorpion stings you.
Your Axes skill increases to level 3!
Unknown command.
Throw: 21 darts (poison)
Press: ? - help, Q - select action, (/) - cycle Shift-Dir - straight line, f - orc, p - Blork the orc
Aim: an orc, wielding a +0 trident (56% to hit)
You throw a poisoned dart. The poisoned dart hits the orc.
The orc is poisoned.
Something hits you but does no damage. The orc barely misses you.
Blork the orc gestures wildly while chanting.
Blork the orc seems to speed up.
The scorpion stings you but does no damage.
A goblin comes into view. It is wielding a +0 dagger.
The orc misses you.
Throw: 20 darts (poison)
Press: ? - help, Q - select action, (/) - cycle Shift-Dir - straight line, f/p - orc
Aim: an orc, wielding a +0 trident (poisoned, 56% to hit)
You throw a poisoned dart.
The poisoned dart barely misses the orc.
The poisoned dart hits the orc.
The orc is poisoned.
Something hits you but does no damage. The scorpion stings you.
The orc hits you but does no damage.
The orc hits you from afar with a +0 trident.
Unknown command.
It was a potion of might.
You feel very mighty all of a sudden. The scorpion barely misses you.
Something hits you. The orc hits you but does no damage. x2
Unknown command.
You hit something. You burn something. The scorpion closely misses you.
Something hits you. The orc barely misses you.
The orc hits you from afar with a +0 trident!
The scorpion stings you.
You barely miss something.
You kill the orc!
Something hits you but does no damage. The orc closely misses you.
The scorpion stings you!
* * * LOW HITPOINT WARNING * * *
Something hits you but does no damage.
The orc hits you from afar with a +0 trident.
You die...

.... #($.......
..... #....###'#
...).##.#<#.o...
........#.#o....
................
..##....(......#
......oo#######
###...#{#
#.#.#@# #.#.#s#
#.#.#o# .g. ...
..... ....(
#......


You could see Blork the orc (fast), a scorpion (poisoned), 2 orcs and a goblin.

Vanquished Creatures
  An iguana (D:4)
  2 adders
  2 worms
  2 orcs
  5 bats
  2 endoplasms
  2 giant cockroaches (D:2)
  3 goblins
  4 hobgoblins
  4 jackals (D:2)
  4 quokkas
  3 ball pythons
  A frilled lizard (D:2)
  4 kobolds
  3 rats
42 creatures vanquished.

Notes
Turn   | Place    | Note
-------+----------+-------------------------------------------
     0 | D:1      | browni3141 the Ghoul Gladiator began the quest for the Orb.
     0 | D:1      | Reached XP level 1. HP: 17/17 MP: 0/0
   235 | D:1      | Reached skill level 1 in Stealth
   385 | D:1      | Reached skill level 2 in Stealth
   385 | D:1      | Reached XP level 2. HP: 24/24 MP: 1/1
   858 | D:2      | Reached skill level 3 in Stealth
   860 | D:2      | Reached XP level 3. HP: 29/29 MP: 2/2
  1039 | D:2      | Found a shadowy altar of Dithmenos.
  1419 | D:2      | Found a faded altar of an unknown god.
  1775 | D:3      | Reached skill level 4 in Stealth
  2027 | D:3      | Reached XP level 4. HP: 36/36 MP: 3/3
  2028 | D:3      | Noticed a steam dragon
  2047 | D:4      | Noticed Blork the orc
  2047 | D:4      | Noticed a scorpion
  2057 | D:4      | Slain by an orc

Illustrated notes

Levels and vault maps discovered:
D:1:      dpeg_cavernosity, layout_basic
D:2:      layout_rooms, basic_altar,
          dreamdust_ecumenical_altar_angels_and_demons
D:3:      layout_loops_ring
D:4:      layout_basic, uniq_blork_the_orc, uniq_robin, uniq_pikel

Skill      XL: |  1  2  3  4 |
---------------+-------------+-----
Stealth        | 2 3 4 |  4.4
Axes           | 3 |  3.1
Fighting       | |  2.1
Throwing       | |  1.7
Dodging        | |  2.6

Action                   |  1- 3 |  4- 6 || total
-------------------------+-------+-------++-------
Melee: War axe           |    19 |       ||    19
       Falchion          |    77 |     4 ||    81
Throw: Dart              |    13 |    12 ||    25
  Use: Potion            |       |     1 ||     1
Armor: Ring mail         |     3 |       ||     3
       Scale mail        |    48 |    11 ||    59
Dodge: Dodged            |    59 |    11 ||    70

Table legend: (Time is in decaauts)
 A = Elapsed time spent in this place.
 B = Non-inter-level travel time spent in this place.
 C = Inter-level travel time spent in this place.
 D = Time resting spent in this place.
 E = Time spent auto-exploring this place.
 F = Levels seen in this place.
 G = Mean time per level.
                   A        B        C        D        E       F      G
               +--------+--------+--------+--------+--------+-----+--------+
         Total |   2082 |   2038 |     44 |    103 |   1556 |   4 |  520.5 |
       Dungeon |   2082 |   2038 |     44 |    103 |   1556 |   4 |  520.5 |
               +--------+--------+--------+--------+--------+-----+--------+

Top non-repeatable levels by time:
     D:2: 882 daAuts
     D:1: 841 daAuts
     D:3: 334 daAuts
     D:4: 24 daAuts
